 Dungeon Crawl Stone Soup version 0.28.0-53-g5a82cb258f (webtiles) character file.

Game seed: 10828447567269180763

233 MiltankisOP the Slasher (level 5, -1/42 HPs)
             Began as a Vampire Gladiator on July 8, 2022.
             Succumbed to a gnoll's poison
             ... on level 1 of the Dungeon.
             The game lasted 00:05:04 (1751 turns).

MiltankisOP the Slasher (Vampire Gladiator)         Turns: 1751, Time: 00:05:05

Health: -1/42      AC:  4    Str: 13    XL:     5   Next: 74%
Magic:  5/5        EV: 13    Int: 11    God:
Gold:   66         SH:  0    Dex: 17    Spells: 4/4 levels left

rFire   . . .      SeeInvis +   a - +0 long sword
rCold   . . .      Faith    .   (no shield)
rNeg    . . .      Spirit   .   b - +0 leather armour
rPois   .          Reflect  .   c - +0 helmet
rElec   .          Harm     .   (no cloak)
rCorr   .          Rampage  .   (no gloves)
Will    .....                   (no boots)
Stlth   +.........              (no amulet)
HPRegen 0.34/turn               (no ring)
MPRegen 0.09/turn               (no ring)

@: lethally poisoned (-1 -> -22), healing quickly
A: alive, fangs 3, see invisible, vampiric 2
a: Exsanguinate


You were on level 1 of the Dungeon.
You visited 1 branch of the dungeon, and saw 2 of its levels.

You collected 66 gold pieces.

Inventory:

Hand Weapons
 a - a +0 long sword (weapon)
Missiles
 d - 3 throwing nets (quivered)
Armour
 b - a +0 leather armour (worn)
 c - a +0 helmet (worn)
Wands
 i - a wand of mindburst (7)
Scrolls
 f - a scroll of identify {unknown}
 j - a scroll of fog {unknown}
 k - a scroll of immolation {unknown}
Potions
 e - a potion of might {unknown}
 g - a potion of brilliance {unknown}
 h - a potion of heal wounds {unknown}


   Skills:
 + Level 4.1 Fighting
 + Level 5.0 Long Blades
 - Level 1.5 Throwing
 - Level 3.2 Dodging


You had 4 spell levels left.
You didn't know any spells.
Your spell library was empty.

Dungeon Overview and Level Annotations

Branches:
Dungeon (2/15)

Altars:

Shops:
D:1 ?


Innate Abilities, Weirdness & Mutations

Your natural rate of healing is accelerated.
You have razor-sharp teeth.
You have supernaturally acute eyesight. (SInv)
You are afflicted with vampirism and can become a bat while bloodless.


Message History

You climb upwards.
There is a stone staircase leading down here.
You barely miss the gnoll. Your bite misses the gnoll.
The gnoll closely misses you.
You barely miss the gnoll. The gnoll completely misses you.
You slash the gnoll!
The gnoll is almost dead.
The gnoll hits you with a +0 whip. The gnoll closely misses you.
You hit the gnoll.
The gnoll is almost dead.
The gnoll hits you with a +0 whip!
You closely miss the gnoll.
The gnoll is almost dead.
The gnoll hits you but does no damage.
You hit the gnoll.
You kill the gnoll!
HP restored.
Things that are here:
a +0 whip; a +0 robe; a gnoll corpse
There is a stone staircase leading down here.
You climb downwards.
There is a stone staircase leading up here.
The gnoll shouts!
The gnoll hits you with a +1 halberd of venom!
You are poisoned.
There is a stone staircase leading up here.
You feel very sick. The gnoll closely misses you. The gnoll misses you.
You climb upwards.
You feel very sick.
There is a stone staircase leading down here.
You feel very sick. The gnoll completely misses you.
You feel sick.
You feel sick.
You feel sick.
The gnoll hits you from afar with a +1 halberd of venom!
* * * LOW HITPOINT WARNING * * *
You are lethally poisoned!
You die...

..∩.# #.....#
....##############.###.#
...(#................#.#
....#....#########.#.#.#
.#.......# #.#.#.# .........#
#.#.#.# .....#...#########.#...#
.....+.....>.g.....##############
..####......[...@..........[....#
..# #########################.##
..# ♣♣♣ ♣♣♣ ♣♣♣ ######## #.# ..#
♣♣8♣♣♣♣8♣♣♣♣8♣♣#......# #.# ..#
♣≈≈≈♣♣≈≈P♣♣≈≈≈♣#.####.# #.# ###
♣♣≈≈≈♣♣≈≈≈♣♣≈≈≈♣#.# #.# #.#
♣..^.♣♣.^.P♣.^.♣#.# #.# #.#
♣P...♣♣...P♣..P♣#.# #.# #.#
♣♣♣♣♣♣♣.♣♣♣♣.♣♣♣♣.♣♣#.# #.###.#


You could see a gnoll.

Vanquished Creatures
  Sigmund (D:2)
  Natasha (D:2)
  A gnoll (D:1)
  5 ball pythons
  5 bats (D:1)
  4 endoplasms
  A giant cockroach (D:2)
  4 hobgoblins
  4 jackals (D:1)
  A quokka (D:1)
  A frilled lizard (D:1)
  8 goblins
  2 kobolds
  2 rats (D:1)
40 creatures vanquished.

Vanquished Creatures (others)
  4 plants (D:1)
4 creatures vanquished.

Grand Total: 44 creatures vanquished

Notes
Turn   | Place    | Note
-------+----------+-------------------------------------------
     0 | D:1      | MiltankisOP the Vampire Gladiator began the quest for the
                  | Orb.
     0 | D:1      | Reached XP level 1. HP: 16/16 MP: 1/1
   149 | D:1      | Found a faded altar of an unknown god.
   276 | D:1      | Reached XP level 2. HP: 22/22 MP: 2/2
   463 | D:1      | Found Apaecah's Magic Scroll Emporium.
   587 | D:1      | Gained mutation: You are afflicted with vampirism and can
                  | become a bat while bloodless. [Vampire growth]
   587 | D:1      | Reached XP level 3. HP: 25/25 MP: 3/3
  1171 | D:2      | Noticed Natasha
  1180 | D:2      | Killed Natasha
  1181 | D:2      | Reached skill level 4 in Long Blades
  1359 | D:2      | Noticed Sigmund
  1391 | D:2      | Killed Sigmund
  1392 | D:2      | Reached skill level 5 in Long Blades
  1392 | D:2      | Reached XP level 4. HP: 11/37 MP: 4/4
  1392 | D:2      | Reached XP level 5. HP: 12/42 MP: 5/5
  1751 | D:1      | Succumbed to a gnoll's poison

Illustrated notes

Levels and vault maps discovered:
D:1:      psy_arrival_wood_between_worlds, layout_basic, serial_glass,
          glass_columns_a, glass_columns_b, dreamdust_ecumenical_altar_grove,
          serial_shops, shop
D:2:      layout_rooms, small_statue_intersection, uniq_sigmund, uniq_natasha

Skill      XL: |  1  2  3 |
---------------+----------+-----
Fighting       | 2 4 |  4.1
Long Blades    | 5 |  5.0
Throwing       | |  1.5
Dodging        | |  3.2

Action                   |  1- 3 |  4- 6 || total
-------------------------+-------+-------++-------
Melee: Long sword        |   119 |    12 ||   131
       Bite              |    10 |       ||    10
       Punch             |     2 |       ||     2
 Abil: Exsanguinate      |     2 |       ||     2
       Revivify          |     1 |       ||     1
 Stab: Sleeping          |     2 |       ||     2
Armor: Leather armour    |    47 |     3 ||    50
Dodge: Dodged            |   103 |    14 ||   117
